[Event "2nd China Binhai Open 2020"]
[Site "Tianjin"]
[Date "2020.01.13"]
[Round "2.35"]
[White "Matsuoka, Junichiro"]
[Black "Chen, Yining"]
[Result "1/2-1/2"]
[ECO "A00"]
[WhiteElo "1216"]
[BlackElo "1826"]
[PlyCount "77"]
[EventDate "2020.01.13"]
[EventType "swiss"]
[EventRounds "9"]
[EventCountry "CHN"]
[TimeControl "5400+30"]

1. Nf3 Nf6 2. d4 g6 3. c4 Bg7 4. Nc3 O-O 5. e4 d6 6. h3 c5 7. d5 e6 8. Bd3 exd5 9. exd5 Re8+ 10. Be2 Bf5 11. O-O Na6 12. a3 Nc7 13. Bd3 Qd7 14. Bxf5 gxf5 15. Rb1 Ne4 16. Qc2 Re7 17. Be3 Rae8 18. Qc1 Kh8 19. Bh6 Rg8 20. Bxg7+ Rxg7 21. Kh2 Re8 22. Ne2 b5 23. b3 Nf6 24. Qb2 Nh5 25. Rbe1 f6 26. Ng3 Nxg3 27. fxg3 Rxe1 28. Rxe1 Rf7 29. Nh4 Ne8 30. cxb5 Ng7 31. Qe2 Kg8 32. a4 Qb7 33. Qd3 Qd7 34. a5 Rf8 35. Rf1 Rb8 36. Nxf5 Qxb5 37. Nh6+ Kh8 38. Nf7+ Kg8 39. Nh6+ 1/2-1/2

[Event "2nd China Binhai Open 2020"]
[Site "Tianjin"]
[Date "2020.01.13"]
[Round "2.43"]
[White "Li, Yanzhe"]
[Black "Zhang, Yichi"]
[Result "0-1"]
[ECO "A00"]
[WhiteElo "1797"]
[BlackElo "1638"]
[PlyCount "96"]
[EventDate "2020.01.13"]
[EventType "swiss"]
[EventRounds "9"]
[EventCountry "CHN"]
[TimeControl "5400+30"]

1. e4 c5 2. Nf3 e6 3. Be2 Nc6 4. O-O Nf6 5. Nc3 Be7 6. d3 O-O 7. h3 e5 8. Nd5 d6 9. Nxe7+ Nxe7 10. Bg5 Ng6 11. Nh4 h6 12. Nxg6 fxg6 13. Bh4 g5 14. Bg3 Be6 15. c4 Qd7 16. Kh2 g4 17. h4 Nh5 18. Qd2 Nf4 19. Bxf4 exf4 20. Kh1 f3 21. gxf3 gxf3 22. Bd1 Bh3 23. Rg1 Bg2+ 24. Rxg2 fxg2+ 25. Kxg2 Rf6 26. Qe3 Raf8 27. f3 Rg6+ 28. Kh2 Qe7 29. Qf2 Qe5+ 30. Kh1 Rf4 31. Qh2 Qf6 32. h5 Rh4 33. hxg6 Rxh2+ 34. Kxh2 Qxb2+ 35. Kg3 Qxa1 36. Bb3 Qg1+ 37. Kf4 Qxg6 38. Ke3 h5 39. d4 h4 40. e5 cxd4+ 41. Kxd4 dxe5+ 42. Kxe5 h3 43. c5+ Kf8 44. Bd5 Qf6+ 45. Ke4 h2 46. Bxb7 h1=Q 47. Kd3 Qd1+ 48. Ke3 Qfd4# 0-1

[Event "2nd China Binhai Open 2020"]
[Site "Tianjin"]
[Date "2020.01.17"]
[Round "8.7"]
[White "Xi, Qi"]
[Black "Wang, Shixu B"]
[Result "1/2-1/2"]
[ECO "E32"]
[WhiteElo "2261"]
[BlackElo "2469"]
[Annotator "ChessBase"]
[PlyCount "61"]
[EventDate "2020.01.13"]
[EventType "swiss"]
[EventCountry "CHN"]
[SourceTitle "playchess.com"]
[Source "ChessBase"]
[SourceQuality "1"]
[TimeControl "5400+30"]

1. d4 Nf6 2. c4 e6 3. Nc3 Bb4 4. Qc2 d6 5. Nf3 Nbd7 6. Bd2 c5 7. dxc5 Nxc5 8. e3 O-O 9. Be2 b6 10. O-O Bb7 11. a3 Bxc3 12. Bxc3 Nce4 13. Rfd1 Rc8 14. Rac1 Qe7 15. Be1 e5 16. b4 Rfd8 17. Qb2 Qe6 18. c5 bxc5 19. bxc5 Rb8 20. cxd6 Nxf2 21. Qxe5 Nxd1 22. Qxe6 fxe6 23. Rxd1 Bd5 24. Ba5 Rxd6 25. Bc7 Rb2 26. Bxd6 Rxe2 27. Bc5 a5 28. Rd2 Rxd2 29. Nxd2 Ne4 30. Nxe4 Bxe4 31. Kf2 1/2-1/2

[Event "2nd China Binhai Open 2020"]
[Site "Tianjin"]
[Date "2020.01.17"]
[Round "8.8"]
[White "Zhao, Yuanhe"]
[Black "Li, Bo"]
[Result "1-0"]
[ECO "A30"]
[WhiteElo "2466"]
[BlackElo "2312"]
[Annotator "ChessBase"]
[PlyCount "149"]
[EventDate "2020.01.13"]
[EventType "swiss"]
[EventCountry "CHN"]
[SourceTitle "playchess.com"]
[Source "ChessBase"]
[SourceQuality "1"]
[TimeControl "5400+30"]

1. Nf3 Nf6 2. g3 b6 3. Bg2 Bb7 4. O-O e6 5. c4 Be7 6. Nc3 c5 7. d4 cxd4 8. Qxd4 Nc6 9. Qd3 O-O 10. e4 d6 11. Bf4 Ng4 12. Rfd1 Nge5 13. Qe2 Qc8 14. b3 Rd8 15. Rac1 Rd7 16. Ne1 Qf8 17. Rd2 Rdd8 18. Rcd1 Rac8 19. Nc2 Ba6 20. Be3 Na5 21. Nb5 Rd7 22. Nb4 Bxb5 23. cxb5 Rdc7 24. Na6 Rc3 25. h3 Nd7 26. Kh2 Nb8 27. Bd4 Rc1 28. Nxb8 Rxd1 29. Rxd1 Rxb8 30. b4 Nb7 31. Rc1 Qd8 32. a4 g6 33. Qb2 Qd7 34. Qc3 e5 35. Be3 Nd8 36. h4 Ne6 37. Bh3 h5 38. Qc4 Rd8 39. Qd5 Bf6 40. a5 Rb8 41. Rc6 Qe8 42. axb6 axb6 43. Bxe6 Qxe6 44. Qxe6 fxe6 45. Rxd6 Kf7 46. Rxb6 Rxb6 47. Bxb6 Ke8 48. Kg2 Kd7 49. Kf3 Kc8 50. Ke2 Kb7 51. Bc5 Bd8 52. Kd3 Bf6 53. Kc4 Kc7 54. Bf8 Kb6 55. Bd6 Bg7 56. Be7 Bh6 57. Bf6 Bd2 58. Bxe5 Be1 59. Bc3 Bxf2 60. Bd4+ Bxd4 61. Kxd4 Kxb5 62. Ke5 Kxb4 63. Kxe6 Kc5 64. Kf6 Kd4 65. e5 Ke4 66. e6 Kf3 67. e7 Kxg3 68. e8=Q Kxh4 69. Qxg6 Kh3 70. Kf5 h4 71. Kf4 Kh2 72. Kf3 h3 73. Qg3+ Kh1 74. Qxh3+ Kg1 75. Qg2# 1-0

[Event "2nd China Binhai Open 2020"]
[Site "Tianjin"]
[Date "2020.01.18"]
[Round "9.3"]
[White "Peng, Xiongjian"]
[Black "Liu, Yan"]
[Result "1/2-1/2"]
[ECO "A50"]
[WhiteElo "2489"]
[BlackElo "2513"]
[Annotator "ChessBase"]
[PlyCount "105"]
[EventDate "2020.01.13"]
[EventType "swiss"]
[EventCountry "CHN"]
[SourceTitle "playchess.com"]
[Source "ChessBase"]
[SourceQuality "1"]
[TimeControl "5400+30"]

1. Nf3 Nf6 2. c4 b6 3. g3 Bb7 4. Bg2 g6 5. d4 Bg7 6. d5 Ne4 7. Nbd2 Nc5 8. Nb3 Nba6 9. O-O O-O 10. Be3 c6 11. Bd4 Bxd4 12. Nfxd4 cxd5 13. cxd5 e5 14. Nb5 Nxb3 15. Qxb3 Nc5 16. Qa3 a5 17. d6 e4 18. Rfd1 Qf6 19. Nc7 Rab8 20. Rab1 Qe5 21. b4 axb4 22. Qxb4 Bc6 23. Qd4 Qxd4 24. Rxd4 Rb7 25. Nd5 Bxd5 26. Rxd5 Rc8 27. Re5 Ra7 28. Bxe4 Nxe4 29. Rxe4 Rc6 30. Rd1 Rxa2 31. Re8+ Kg7 32. Re7 Rcc2 33. Kf1 g5 34. Rd3 Kg6 35. g4 b5 36. Rf3 f6 37. Rh3 h6 38. Rhe3 Ra7 39. Re8 f5 40. gxf5+ Kxf5 41. Rf3+ Kg6 42. e4 b4 43. e5 Kh5 44. Rf6 b3 45. Rh8 g4 46. Rhxh6+ Kg5 47. Rhg6+ Kh5 48. Rh6+ Kg5 49. Kg2 b2 50. Rhg6+ Kh5 51. Rh6+ Kg5 52. Rhg6+ Kh5 53. Rh6+ 1/2-1/2